 Dungeon Crawl Stone Soup version 0.18-a0-1606-gb0fe834 (console) character file.

37 vogonpoet the Chiller (level 3, -7/24 HPs)
             Began as a Mummy Ice Elementalist on Mar 21, 2016.
             Killed from afar by Natasha (8 damage)
             ... with a magic dart
             ... on level 2 of the Dungeon.
             The game lasted 00:02:44 (1716 turns).

vogonpoet the Chiller (Mummy Ice Elementalist)      Turns: 1716, Time: 00:02:45

Health: -7/24      AC:  2    Str: 11    XL:     3   Next: 21%
Magic:  6/6        EV: 12    Int: 19    God:
Gold:   17         SH:  0    Dex: 12    Spells: 3 memorised, 0 levels left

rFire  x . .     SeeInvis .     k - +1 whip (elec)
rCold  + . .     Gourm    .     a - +0 robe
rNeg   + + +     Faith    .     (no shield)
rPois  ∞         Spirit   .     (no helmet)
rElec  .         Dismiss  .     (no cloak)
rCorr  .         Reflect  .     (no gloves)
SustAt .         Harm     .     (no boots)
MR     .....                    (no amulet)
Stlth  ++........               (no ring)
                                f - +4 ring of intelligence

@: not resistant to hostile enchantments, unstealthy
A: no food or potions, fire vulnerability, cold resistance 1, negative energy
resistance 3, torment resistance, unbreathing
a: no special abilities


You were on level 2 of the Dungeon.
You were not hungry.

You visited 1 branch of the dungeon, and saw 2 of its levels.

You collected 17 gold pieces.

Inventory:

Hand Weapons
 d - a +0 dagger
 k - a +1 whip of electrocution (weapon)
Missiles
 c - 56 stones (quivered)
 g - 77 arrows
 j - 22 sling bullets
Armour
 a - a +0 robe (worn)
Jewellery
 f - a +4 ring of intelligence (left hand)
Scrolls
 e - a scroll of teleportation {unknown}
 h - a scroll of remove curse {unknown}
 i - a scroll of random uselessness {unknown}
Books
 b - a book of Frost

   Spells                             Type                      Level
   a - Freeze                         Ice                          1
   b - Throw Frost                    Conjuration/Ice              2
   c - Ozocubu's Armour               Charms/Ice                   3
   d - Throw Icicle                   Conjuration/Ice              4
   e - Summon Ice Beast               Ice/Summoning                4


   Skills:
 - Level 1.5 Dodging
 - Level 1.5 Stealth
 - Level 2.0 Spellcasting
 - Level 0.7 Conjurations
 + Level 3.5 Ice Magic


You couldn't memorise any spells.
You knew the following spells:

 Your Spells              Type           Power        Failure   Level  Hunger
a - Freeze                Ice            ###.         4%          1    N/A
b - Throw Frost           Conj/Ice       ##....       12%         2    N/A
c - Ozocubu's Armour      Chrm/Ice       #.......     28%         3    N/A

Dungeon Overview and Level Annotations

Branches:
Dungeon (2/15)

Altars:

Annotations:
D:2 Natasha


Innate Abilities, Weirdness & Mutations

You do not eat or drink.
Your flesh is vulnerable to fire.
You are immune to poison.
Your flesh is cold resistant.
You are immune to negative energy.
You are immune to unholy pain and torment.
You can survive without breathing.


Message History

The white imp gestures at you. The puff of frost hits you! You resist.
* * * LOW HITPOINT WARNING * * *
The white imp disappears in a puff of smoke!
Natasha casts a spell.
You aren't carrying any items that can be evoked.
Unknown command.
A rat comes into view.
You barely miss Natasha. Natasha claws you.
* * * LOW HITPOINT WARNING * * *
The iron imp picks up a beetle and eats it.
Natasha casts a spell at you. The magic dart hits you!
* * * LOW HITPOINT WARNING * * *
You barely miss Natasha. Natasha claws you but does no damage.
You hit Natasha but do no damage. Natasha misses you.
You closely miss Natasha. Natasha casts a spell at you.
The magic dart hits you!
You die...

#)##### ##
#####.##### ..
#.......... #.
#.###.##### #. #.#
#.##### #. #.#
#...... #. #.#
#######
#####.#######.####
#.....@h.5.......#
#.###.##..###.##.#
.......# #.##.#
#.##.#..# #.##h# #.
#.#..# #....# . .
...# ###..## ## .
...#r.#####...####.
.. ..
..........5....+.
.........####.


You could see an iron imp and Natasha.

Vanquished Creatures
  An adder (D:2)
  A dart slug (D:2)
  A giant gecko (D:2)
  A giant cockroach (D:2)
  3 hobgoblins
  4 jackals (D:2)
  3 kobolds
  A ball python (D:2)
  3 bats (D:1)
  3 goblins (D:1)
  3 rats (D:2)
24 creatures vanquished.

Notes
Turn   | Place    | Note
--------------------------------------------------------------
     0 | D:1      | vogonpoet the Mummy Ice Elementalist began the quest for the Orb.
     0 | D:1      | Reached XP level 1. HP: 13/13 MP: 3/3
   459 | D:1      | Reached XP level 2. HP: 19/19 MP: 5/5
   482 | D:1      | Learned a level 2 spell: Throw Frost
   799 | D:2      | Reached skill level 3 in Ice Magic
  1322 | D:2      | Reached XP level 3. HP: 20/24 MP: 0/6
  1580 | D:2      | Learned a level 3 spell: Ozocubu's Armour
  1588 | D:2      | Noticed Natasha
  1713 | D:2      | HP: 1/24 [Natasha/magic dart (5)]
  1716 | D:2      | Killed from afar by Natasha

Vault maps used:
D:1:      dpeg_arrival_lava_temple_mockup, minivault_4
D:2:      first_bread, kennysheep_potato, uniq_natasha

Skill      XL: |  1  2 |
---------------+-------+-----
Ice Magic      | 3 |  3.5
Dodging        | |  1.5
Stealth        | |  1.5
Spellcasting   | |  2.0
Conjurations   | |  0.7

Action                   || total
-------------------------++-------
Melee: Dagger            ||    34
       Whip              ||    16
Throw: Stone             ||    11
 Cast: Freeze            ||    22
       Throw Frost       ||     4
 Stab: Sleeping          ||     3
